 Dungeon Crawl Stone Soup version 0.27.1-1-g398f81649c (webtiles) character file.

Game seed: 308391663481378033

59 boopmooplesden the Covered (level 3, -4/33 HPs)
             Began as a Minotaur Fighter on Sept 17, 2021.
             Slain by a goblin (6 damage)
             ... led by Robin
             ... on level 2 of the Dungeon.
             The game lasted 00:01:22 (1008 turns).

boopmooplesden the Covered (Minotaur Fighter)       Turns: 1008, Time: 00:01:23

Health: -4/33      AC:  7    Str: 21    XL:     3   Next: 78%
Magic:  2/2        EV:  7    Int:  5    God:
Gold:   2          SH:  9    Dex:  9    Spells: 2/2 levels left

rFire    . . .     SeeInvis .   a - +0 war axe
rCold    . . .     Faith    .   c - +0 kite shield
rNeg     . . .     Spirit   .   b - +0 scale mail
rPois    .         Reflect  .   (helmet restricted)
rElec    .         Harm     .   (no cloak)
rCorr    .         Rampage  .   (no gloves)
Will     .....                  (no boots)
Stlth    ..........             (no amulet)
HPRegen  0.11/turn              (no ring)
MPRegen  0.08/turn              (no ring)

@: attractive
A: horns 2, retaliatory headbutt
a: no special abilities


You were on level 2 of the Dungeon.
You visited 1 branch of the dungeon, and saw 2 of its levels.

You collected 2 gold pieces.

Inventory:

Hand Weapons
 a - a +0 war axe (weapon)
 i - a +0 hand axe of flaming
Armour
 b - a +0 scale mail (worn)
 c - a +0 kite shield (worn)
Scrolls
 f - a scroll of noise {unknown}
 g - a scroll of fog {unknown}
 h - a scroll of immolation {unknown}
 j - a scroll of amnesia
 k - a scroll of enchant weapon {unknown}
Potions
 d - a potion of might


   Skills:
 + Level 4.0 Fighting
 + Level 3.2 Axes
 + Level 4.5 Armour
 + Level 0.7 Dodging
 + Level 4.0 Shields


You had 2 spell levels left.
You didn't know any spells.
Your spell library was empty.

Dungeon Overview and Level Annotations

Branches:
Dungeon (2/15)

Altars:

Annotations:
D:2 Robin


Innate Abilities, Weirdness & Mutations

You have a pair of horns on your head.
You reflexively headbutt those who attack you in melee.


Message History

You block the goblin's attack. The goblin hits you with a +0 club.
The goblin hits you with a +0 dagger.
The hobgoblin hits you but does no damage.
Robin throws the goblin at you! You block the goblin's attack.
You slash the goblin!
You kill the goblin!
You slash the goblin!
You kill the goblin!
You hit the goblin. x2
You kill the goblin!
You barely miss the goblin. The goblin hits you with a +0 club.
Robin throws the goblin at you! The goblin closely misses you.
You block the goblin's attack. The hobgoblin completely misses you.
You furiously retaliate!
You headbutt the hobgoblin.
You kill the hobgoblin!
The goblin hits you but does no damage. The goblin barely misses you.
The goblin barely misses you.
Things that are here:
a +0 club; a goblin corpse The goblin unwields a +0 club.
The goblin wields a +0 hunting sling.
The goblin shoots a stone.
You block the stone. Robin throws the goblin at you!
The goblin hits you with a +0 club.
You closely miss the goblin. Your headbutt misses the goblin.
The goblin is heavily wounded.
You slash the goblin!
You kill the goblin!
You hit the hobgoblin.
You kill the hobgoblin!
The goblin no longer looks unusually strong.
Robin roars a battlecry!
The goblin goes into a battle-frenzy!
The goblin hits you with a +0 club.
* * * LOW HITPOINT WARNING * * *
The goblin unwields a +0 hunting sling.
The goblin wields a +0 club.
The goblin hits you with a +0 club.
* * * LOW HITPOINT WARNING * * *
It was a potion of attraction.
You feel attractive to monsters. The goblin hits you but does no damage.
The goblin hits you with a +0 club.
You die...

## ... #.# .....# #
...#####.# #####.## #
#+#....#.# #.#. #
#........#######.#. #
#....##.......##.#. ###
##.......#####.##.#. ..# .
.<.......##......... #.#
#.#########.#.#.###.###...#.
#
..........g@g.#.###.########
#........gg.#.#.........
#........)###.......####
.......)..# #########
......)..## #........#
#........# #.........
.....######


You could see Robin and 3 goblins.

Vanquished Creatures
  A gnoll (D:1)
  An adder (D:2)
  2 bats
  3 endoplasms (D:1)
  3 giant cockroaches
  7 hobgoblins
  5 kobolds (D:1)
  A quokka (D:2)
  2 ball pythons
  2 frilled lizards (D:1)
  6 goblins
  6 rats
39 creatures vanquished.

Vanquished Creatures (others)
  A fungus (D:1)
  16 plants (D:1)
17 creatures vanquished.

Grand Total: 56 creatures vanquished

Notes
Turn   | Place    | Note
-------+----------+-------------------------------------------
     0 | D:1      | boopmooplesden the Minotaur Fighter began the quest for the
                  | Orb.
     0 | D:1      | Reached XP level 1. HP: 19/19 MP: 0/0
    91 | D:1      | Reached XP level 2. HP: 27/27 MP: 1/1
   356 | D:1      | Found a faded altar of an unknown god.
   382 | D:1      | Reached XP level 3. HP: 33/33 MP: 2/2
   996 | D:2      | Noticed Robin
  1007 | D:2      | HP: 1/33 [goblin[Robin] (4)]
  1008 | D:2      | Slain by a goblin

Illustrated notes

Levels and vault maps discovered:
D:1:      nagdon_arrival_double_spiral, layout_basic,
          shapermc_ecumenical_altar_mp_ritualfount, kennysheep_boxes
D:2:      layout_basic, uniq_robin

Skill      XL: |  1  2  3 |
---------------+----------+-----
Fighting       | 4 |  4.0
Armour         | 4 |  4.5
Shields        | 4 |  4.0
Axes           | 3 |  3.2
Dodging        | |  0.7

Action                   || total
-------------------------++-------
Melee: War axe           ||    69
       Headbutt          ||     7
  Use: Scroll            ||     1
       Potion            ||     1
Armor: Scale mail        ||    46
Dodge: Dodged            ||    21
Block: Kite shield       ||    48
